 Dungeon Crawl Stone Soup version 0.22-a0-305-gd21a89c (webtiles) character file.

7338 varam the Nimble (level 10, -5/104 HPs)
             Began as a Troll Monk on Mar 28, 2018.
             Was a High Priest of Cheibriados.
             Slain by Gastronok (32 damage)
             ... on level 9 of the Dungeon on Mar 30, 2018.
             The game lasted 00:18:20 (7423 turns).

varam the Nimble (Troll Monk)                       Turns: 7423, Time: 00:18:21

Health: -5/104     AC:  5    Str: 33    XL:     10   Next: 91%
Magic:  10/13      EV: 17    Int: 20    God:    Cheibriados [*****.]
Gold:   439        SH:  0    Dex: 25    Spells: 9/9 levels left

rFire    + . .     SeeInvis .     - Unarmed
rCold    x . .     Gourm    +   (no shield)
rNeg     . . .     Faith    +   a - +0 robe
rPois    .         Spirit   .   (helmet restricted)
rElec    .         Reflect  .   (no cloak)
rCorr    +         Harm     .   (gloves unavailable)
MR       .....                  (boots unavailable)
Stlth    ++........             E - amulet of faith
HPRegen  0.67/turn              t - ring of resist corrosion
MPRegen  0.13/turn              h - ring of fire

@: very slow
A: large, unfitting armour, claws 3, fast metabolism 3, gourmand, regeneration
1, shaggy fur 1, tough skin 2
a: Bend Time, Temporal Distortion, Slouch, Step From Time, Renounce Religion


You were on level 9 of the Dungeon.
You worshipped Cheibriados.
Cheibriados was extremely pleased with you.
You were completely stuffed.

You visited 2 branches of the dungeon, and saw 10 of its levels.

You collected 511 gold pieces.
You spent 72 gold pieces at shops.

Inventory:

Missiles
 d - 17 tomahawks (quivered)
Armour
 a - a +0 robe (worn)
Magical Staves
 B - an uncursed staff of cold
 C - an uncursed staff of energy
Jewellery
 h - a ring of fire (right claw)
 t - a ring of resist corrosion (left claw)
 y - an uncursed ring of flight
 E - an amulet of faith (around neck)
Wands
 r - a wand of flame (74)
 s - a wand of polymorph (40)
 G - a wand of acid (6)
 H - a wand of clouds (4)
 I - a wand of iceblast (8)
 J - a wand of paralysis (14)
Scrolls
 c - 3 scrolls of fear
 g - a scroll of vulnerability {unknown}
 i - 4 scrolls of remove curse
 k - 2 scrolls of noise
 l - a scroll of blinking {unknown}
 o - 2 scrolls of immolation {unknown}
 p - 3 scrolls of amnesia {unknown}
 w - 2 scrolls of enchant armour {unknown}
 x - 2 scrolls of magic mapping {unknown}
 D - 2 scrolls of fog {unknown}
 F - a scroll of teleportation {unknown}
 L - 2 scrolls of identify
Potions
 e - a potion of agility
 f - a potion of lignification
 j - 4 potions of curing
 m - 2 potions of resistance
 n - a potion of mutation
 q - 2 potions of berserk rage
 u - 2 potions of magic
 v - a potion of cancellation {unknown}
 z - 3 potions of brilliance {unknown}
 A - a potion of invisibility {unknown}
 M - a potion of haste {unknown}
Comestibles
 b - 25 rations
 K - a chunk of flesh


   Skills:
 + Level 8.3 Fighting
 + Level 2.1 Staves
 + Level 2.3 Throwing
 + Level 8.3 Dodging
 - Level 1.0 Stealth
 - Level 8.0 Unarmed Combat
 + Level 5.4 Invocations


You had 9 spell levels left.
You didn't know any spells.

Dungeon Overview and Level Annotations

Branches:
Dungeon (9/15)             Temple (1/1) D:5            Lair (0/6) D:8
    Orc: D:9-12

Altars:
Ashenzari
Cheibriados
Dithmenos
Fedhas
Hepliaklqana
Makhleb
Okawaru
Qazlal
Ru
Sif Muna
Trog
Uskayaw
Vehumet
Xom

Shops:
D:4 *   D:7 ?   D:8 ?

Annotations:
D:9 Gastronok


Innate Abilities, Weirdness & Mutations

You are too large for most types of armour.
You have claws for hands.
Your metabolism is lightning-fast.
You like to eat raw meat.
Your natural rate of healing is unusually fast.
You are covered in fur. (AC +1)
You have very tough skin. (AC +2)


Message History

Gastronok bites you!!
You claw Gastronok!
Gastronok is lightly wounded.
Gastronok bites you!!! The flow of time bends around you.
Gastronok easily resists.
Cheibriados rebukes the freed slave.
The freed slave seems to slow down.
You feel slightly less full.
You mangle Gastronok!! You claw Gastronok!!
Gastronok is moderately wounded.
Gastronok bites you!
* * * LOW HITPOINT WARNING * * *
You claw Gastronok!
Gastronok is moderately wounded.
You completely miss Gastronok.
Gastronok is moderately wounded.
You barely miss Gastronok.
Gastronok is moderately wounded.
Gastronok bites you!!
You die...

###################
........>.........#
..........#.)p....#
.....###..#.......#
.....# #..#.......#
.....# #..#...?.pp#
.....# #..#.....@.#
.....# #..#......w#
.....# #..#.......#
.....# #..#.......#
.....# #..#.......#
.)...# #..#.......#
.....# #..#.......#
.....###..#.......#
..........#.......#


You could see Gastronok and 3 neutral freed slaves.

Vanquished Creatures
  A two-headed ogre (D:9)
  Pikel (D:9)
  Joseph (D:7)
  A centaur zombie (D:8)
  Psyche (D:8)
  A steam dragon (D:9)
  Grum (D:8)
  2 hungry ghosts (D:8)
  Duvessa (D:5)
  A water moccasin (D:7)
  3 sky beasts (D:8)
  2 ice beasts
  An eye of draining (D:9)
  A black bear (D:9)
  4 orc warriors
  4 ogres
  4 phantoms
  4 wolves (D:8)
  2 centaurs
  A big kobold (D:8)
  4 bullfrogs
  Dowan (D:5)
  3 scorpions
  4 howler monkeys
  An electric eel (D:8)
  A bullfrog zombie (D:7)
  A quasit (D:5)
  2 jellies
  14 orc wizards
  A gnoll shaman (D:6)
  5 orc priests
  4 hounds
  3 centaur skeletons
  2 iguanas
  Jessica (D:3)
  Ijyb (D:3)
  3 worker ants
  A hound zombie (D:5)
  4 hound skeletons
  Robin (D:3)
  11 gnolls
  16 adders
  3 shadow imps
  An ooze (D:2)
  2 adder skeletons
  A worm (Temple)
  A dart slug (D:3)
  8 leopard geckos
  34 orcs
  5 giant cockroaches
  19 goblins
  10 hobgoblins
  11 jackals
  2 quokkas (D:2)
  3 ball pythons
  4 bats
  4 frilled lizards
  A giant cockroach zombie (D:7)
  11 kobolds
  3 leopard gecko skeletons
  2 quokka zombies (D:5)
  6 rats
252 creatures vanquished.

Notes
Turn   | Place    | Note
-------+----------+-------------------------------------------
     0 | D:1      | varam the Troll Monk began the quest for the Orb.
     0 | D:1      | Reached XP level 1. HP: 22/22 MP: 0/0
    75 | D:1      | Reached XP level 2. HP: 28/29 MP: 1/1
   433 | D:2      | Reached skill level 4 in Unarmed Combat
   435 | D:2      | Reached XP level 3. HP: 36/36 MP: 2/2
   560 | D:2      | Reached skill level 5 in Unarmed Combat
   560 | D:2      | Reached XP level 4. HP: 34/44 MP: 3/3
  1039 | D:2      | Found a stormy altar of Qazlal.
  1295 | D:2      | Found a blossoming altar of Fedhas.
  1409 | D:3      | Reached XP level 5. HP: 20/50 MP: 4/4
  1413 | D:3      | Reached skill level 6 in Unarmed Combat
  1529 | D:3      | Noticed Jessica
  1530 | D:3      | Killed Jessica
  1559 | D:3      | Noticed Ijyb
  1565 | D:3      | Reached XP level 6. HP: 54/59 MP: 5/5
  1577 | D:3      | Killed Ijyb
  1686 | D:3      | Reached skill level 7 in Unarmed Combat
  1991 | D:3      | Noticed Robin
  2000 | D:3      | Killed Robin
  2167 | D:4      | Reached skill level 8 in Unarmed Combat
  2167 | D:4      | Reached XP level 7. HP: 52/66 MP: 6/6
  2233 | D:4      | Found Ighime Linn's Assorted Antiques.
  2633 | D:4      | Reached skill level 3 in Fighting
  2633 | D:4      | Reached skill level 3 in Dodging
  3104 | D:5      | Entered Level 5 of the Dungeon
  3187 | D:5      | Reached skill level 4 in Fighting
  3187 | D:5      | Reached skill level 4 in Dodging
  3187 | D:5      | Reached XP level 8. HP: 78/78 MP: 7/7
  3270 | D:5      | Noticed Duvessa
  3271 | D:5      | Noticed Dowan
  3289 | D:5      | Killed Duvessa
  3300 | D:5      | Killed Dowan
  3475 | D:5      | Found a staircase to the Ecumenical Temple.
  3503 | Temple   | Entered the Ecumenical Temple
  3523 | Temple   | Became a worshipper of Cheibriados the Contemplative
  3523 | Temple   | Reached * piety under Cheibriados
  3523 | Temple   | Reached ** piety under Cheibriados
  3689 | D:5      | Reached skill level 5 in Fighting
  3689 | D:5      | Reached skill level 5 in Dodging
  4026 | D:5      | You fall through a shaft!
  4755 | D:6      | Reached *** piety under Cheibriados
  4767 | D:6      | Reached XP level 9. HP: 29/89 MP: 8/8
  5204 | D:7      | Reached skill level 6 in Fighting
  5204 | D:7      | Reached skill level 6 in Dodging
  5249 | D:7      | Noticed Joseph
  5262 | D:7      | Killed Joseph
  5373 | D:7      | Found a sacrificial altar of Ru.
  5534 | D:7      | Found a hide-covered altar of Uskayaw.
  5587 | D:7      | Reached skill level 1 in Invocations
  5618 | D:7      | Found Meploune's Magic Scroll Boutique.
  5637 | D:7      | Bought a scroll of identify for 24 gold pieces
  5637 | D:7      | Bought a scroll of identify for 24 gold pieces
  5637 | D:7      | Bought a scroll of identify for 24 gold pieces
  5761 | D:7      | Found a hazy altar of Hepliaklqana.
  5796 | D:8      | Reached skill level 2 in Invocations
  5812 | D:8      | Reached **** piety under Cheibriados
  5841 | D:8      | Reached skill level 7 in Fighting
  5841 | D:8      | Reached skill level 7 in Dodging
  5861 | D:8      | Reached skill level 3 in Invocations
  5912 | D:8      | Found Ecouq's Magic Scroll Shoppe.
  6110 | D:8      | Noticed Grum
  6180 | D:8      | Reached XP level 10. HP: 59/102 MP: 7/11
  6183 | D:8      | HP: 3/102 [Grum/glaive (16)]
  6191 | D:8      | HP: 9/102 [wolf[Grum] (1)]
  6224 | D:8      | Reached skill level 4 in Invocations
  6329 | D:8      | Found a staircase to the Lair.
  6619 | D:8      | Reached ***** piety under Cheibriados
  6688 | D:8      | Noticed Psyche
  6692 | D:8      | Killed Psyche
  6795 | D:8      | Killed Grum
  7105 | D:9      | Reached skill level 8 in Dodging
  7110 | D:9      | Reached skill level 8 in Fighting
  7144 | D:9      | Reached skill level 1 in Throwing
  7183 | D:9      | Noticed a two-headed ogre
  7198 | D:9      | Killed a two-headed ogre
  7198 | D:9      | Reached skill level 1 in Staves
  7198 | D:9      | Reached skill level 5 in Invocations
  7309 | D:9      | Found a shimmering altar of Xom.
  7311 | D:9      | Found a shimmering altar of Xom.
  7313 | D:9      | Found a shimmering altar of Xom.
  7332 | D:9      | Reached skill level 2 in Throwing
  7404 | D:9      | Noticed Pikel
  7412 | D:9      | Killed Pikel
  7412 | D:9      | Reached skill level 2 in Staves
  7414 | D:9      | Noticed Gastronok
  7423 | D:9      | Slain by Gastronok

Vault maps used:
D:1:      noname_arrival_rooms_in_the_neighbourhood
D:2:      cheibrodos_greedy_goblins, grunt_qazlal_clouds, first_ration,
          wad_floor_pattern_1, fedhas_altar_fruit_tree
D:3:      uniq_robin, uniq_jessica, uniq_ijyb
D:4:      serial_shops, shop_fountains
D:5:      minmay_temple_entry_mist, minmay_holes, uniq_duvessa
D:7:      kennysheep_mini_moat, overflow_temple_1_default,
          nicolae_ru_path_of_blood, serial_shops, shop, uniq_joseph
D:8:      lair_entry_dummy, serial_curves, eino_curves_04, eino_curves_01,
          eino_curves_04, eino_curves_04, serial_shops, shop, uniq_psyche,
          uniq_grum
D:9:      grunt_temple_overflow_gold_and_silver,
          gammafunk_temple_overflow_pools, enter_bailey_3, xom_shifter_show,
          uniq_gastronok, uniq_pikel
Temple:   eino_narrow_crystal_temple

Skill      XL: |  1  2  3  4  5  6  7  8  9 10 |
---------------+-------------------------------+-----
Unarmed Combat | 4 5 6 8 |  8.0
Fighting       | 4 5 7 8 |  8.3
Dodging        | 4 5 7 8 |  8.3
Invocations    | 3 5 |  5.4
Throwing       | 2 |  2.3
Staves         | 2 |  2.1
Stealth        | |  1.0

Action                   |  1- 3 |  4- 6 |  7- 9 | 10-12 || total
-------------------------+-------+-------+-------+-------++-------
Melee: Unarmed           |    69 |   163 |   427 |   127 ||   786
       Punch             |     1 |     3 |    15 |     4 ||    23
Invok: Bend Time         |       |       |     4 |     1 ||     5
Evoke: Wand              |       |       |     4 |       ||     4
  Use: Potion            |       |     1 |     2 |       ||     3
       Scroll            |       |       |     9 |     1 ||    10
 Stab: Sleeping          |     1 |     3 |     5 |     3 ||    12
  Eat: Chunk             |    11 |    14 |    26 |    14 ||    65
       Ration            |       |       |       |     1 ||     1
Armor: Robe              |    25 |    48 |    98 |    16 ||   187
       Skin              |       |     4 |    18 |       ||    22
Dodge: Dodged            |    37 |    46 |   303 |    94 ||   480

Table legend:
 A = Spawn XP
 B = Non-spawn XP
 C = Spawn XP percentage of total XP
 D = Spawn monster count
 E = Non-spawn monster count
 F = Spawn count percentage of total count
 G = Total turns spent on level
                    A         B        C        D         E        F      G
               +---------+---------+-------+---------+---------+-------+---------
         Total |       0 |   10484 |   0.0 |       0 |     252 |   0.0 |  7423
               +---------+---------+-------+---------+---------+-------+---------
           D:1 |       0 |      26 |   0.0 |       0 |      16 |   0.0 |   406
           D:2 |       0 |     146 |   0.0 |       0 |      33 |   0.0 |   965
           D:3 |       0 |     438 |   0.0 |       0 |      39 |   0.0 |   757
           D:4 |       0 |     657 |   0.0 |       0 |      26 |   0.0 |   976
           D:5 |       0 |     819 |   0.0 |       0 |      27 |   0.0 |   895
           D:6 |       0 |     785 |   0.0 |       0 |      24 |   0.0 |  1168
           D:7 |       0 |    1300 |   0.0 |       0 |      16 |   0.0 |   598
           D:8 |       0 |    3367 |   0.0 |       0 |      44 |   0.0 |  1230
           D:9 |       0 |    2936 |   0.0 |       0 |      24 |   0.0 |   401
        Temple |       0 |      10 |   0.0 |       0 |       3 |   0.0 |    27
               +---------+---------+-------+---------+---------+-------+---------
